 Dungeon Crawl Stone Soup version 0.17-a0-1650-gce8475a (webtiles) character file.

677 LilCorpsy the Basher (level 7, -1/41 HPs)
             Began as a Gargoyle Fighter on Aug 13, 2015.
             Slain by an ogre
             ... wielding a +0 giant club
              (19 damage)
             ... on level 4 of the Dungeon.
             The game lasted 00:05:57 (3706 turns).

LilCorpsy the Basher (Gargoyle Fighter)             Turns: 3706, Time: 00:05:58

Health: -1/41      AC: 11    Str: 22    XL:     7   Next: 60%
Magic:  7/7        EV:  7    Int:  8    God:
Gold:   202        SH:  9    Dex:  9    Spells: 0 memorised, 6 levels left

rFire  . . .     SeeInvis .     a - +0 flail
rCold  . . .     Clarity  .     b - +0 scale mail
rNeg   + . .     SustAt   .     c - +0 shield
rPois  ∞         Gourm    .     (no helmet)
rElec  +         Spirit   .     (no cloak)
rCorr  .         Warding  .     (no gloves)
rMut   .         Stasis   .     (no boots)
MR     .....                    (no amulet)
Stlth  ..........               (no ring)
                                (no ring)

@: not resistant to hostile enchantments, extremely unstealthy
A: negative energy resistance 1, electricity resistance, unbreathing,
petrification resistance, rot immunity, AC +4
a: no special abilities


You were on level 4 of the Dungeon.
You were very hungry.

You visited 1 branch of the dungeon, and saw 4 of its levels.

You collected 202 gold pieces.

Inventory:

Hand weapons
 a - a +0 flail (weapon)
Armour
 b - a +0 scale mail (worn)
 c - a +0 shield (worn)
Scrolls
 g - a scroll of teleportation {unknown}
 h - a scroll of immolation {unknown}
 i - a scroll of recharging {unknown}
 j - a scroll of fog {unknown}
 k - a scroll of amnesia {unknown}
 l - a scroll of enchant armour {unknown}
 n - 2 scrolls of magic mapping {unknown}
 o - 4 scrolls of identify {unknown}
 p - 2 scrolls of random uselessness {unknown}
 q - a scroll of remove curse {unknown}
 s - a scroll of fear {unknown}
Potions
 f - a potion of curing
 r - 2 potions of agility
Comestibles
 d - 4 fruits
 e - 2 bread rations
 m - 2 beef jerkies
 t - a slice of pizza


   Skills:
 - Level 3.2 Fighting
 * Level 8.3 Maces & Flails
 - Level 3.2 Armour
 - Level 3.2 Shields


You had 6 spell levels left.
You didn't know any spells.

Dungeon Overview and Level Annotations

Branches:
Dungeon (4/15)
 Temple: D:4-7

Altars:
Ru
Zin


Innate Abilities, Weirdness & Mutations

You are resistant to torment.
Your stone body is resilient (AC +4).
You are immune to poison.
You resist negative energy.
You are resistant to electric shocks.
You can survive without breathing.
You are immune to petrification.
You are immune to rotting.


Message History

You now have 202 gold pieces (gained 8).
There is an open door here.
You see here a giant newt corpse.
There is an open door here.
There is an open door here.
There is an open door here.
There is an open gate here.
There is an open gate here.
You open the door.
There is an open door here.
An ogre comes into view. It is wielding a giant club.
The ogre shouts!
There is an open door here.
An ogre is nearby!
The ogre hits you with a giant club!!
Ouch! That really hurt!
You hit the ogre.
The ogre is lightly wounded.
The ogre hits you with a giant club!!
You die...

#'#...# ##.. #...# #≈....≈#..#
#.#...' ....+...#####≈....≈##'#
..#...#.###'##...#...#≈....≈##.#
..#...#.#........#...#≈≈..≈≈#..#
..'...'.'........#...###''###'###
#.#...###........'....'.'.......#
#+#........#'#...#....#.#.......#
..'........'.#...#...##.#.......#
#+#........#.#..@'...##'#...##'##
........#'##+#..O##'###.)..(#..#
........#....+........#.#...'..#
........#.##.#........#.#...#..#
........#'##.#........'.#...#..#
........+.'..#........#.#......#
........#+##'##'#.....########'#
#+#...........#.#.....# #..#
..'...........'.#..[..# ##.#


You could see an ogre.

Vanquished Creatures
  The ghost of Nakatomy the Poker, an average MiFi of Qazlal (D:4)
  A phantom (D:4)
  2 ogres (D:4)
  A hound (D:4)
  Ijyb (D:2)
  Jessica (D:2)
  2 worker ants (D:4)
  3 gnolls (D:2)
  2 adders (D:2)
  3 worms
  2 giant geckos (D:1)
  An orc (D:3)
  6 bats
  6 goblins
  3 hobgoblins
  6 jackals (D:1)
  2 ball pythons
  4 giant newts
  5 kobolds
  4 rats
56 creatures vanquished.

Notes
Turn   | Place    | Note
--------------------------------------------------------------
     0 | D:1      | LilCorpsy the Gargoyle Fighter began the quest for the Orb.
     0 | D:1      | Reached XP level 1. HP: 14/14 MP: 1/1
   286 | D:1      | Reached XP level 2. HP: 16/19 MP: 2/2
   875 | D:1      | Reached XP level 3. HP: 20/23 MP: 3/3
   951 | D:2      | Found a sacrificial altar of Ru.
   975 | D:2      | Noticed Ijyb
   985 | D:2      | Killed Ijyb
   985 | D:2      | Reached skill level 4 in Maces & Flails
  1045 | D:2      | Reached XP level 4. HP: 28/28 MP: 4/4
  1288 | D:2      | Noticed Jessica
  1297 | D:2      | Killed Jessica
  1297 | D:2      | Reached skill level 5 in Maces & Flails
  1297 | D:2      | Reached XP level 5. HP: 25/32 MP: 5/5
  1819 | D:3      | Found a glowing silver altar of Zin.
  2583 | D:4      | Noticed Nakatomy's ghost (average MiFi)
  2631 | D:4      | Killed Nakatomy's ghost
  2631 | D:4      | Reached skill level 6 in Maces & Flails
  2631 | D:4      | Reached XP level 6. HP: 12/37 MP: 6/6
  2955 | D:4      | Noticed an ogre
  2968 | D:4      | Reached skill level 7 in Maces & Flails
  2974 | D:4      | Killed an ogre
  2974 | D:4      | Reached XP level 7. HP: 32/41 MP: 7/7
  3153 | D:4      | Noticed a phantom
  3193 | D:4      | Killed a phantom
  3246 | D:4      | Noticed an ogre
  3257 | D:4      | Reached skill level 8 in Maces & Flails
  3260 | D:4      | Killed an ogre
  3706 | D:4      | Slain by an ogre

Vault maps used:
D:1:      evilmike_arrival_run_for_it
D:2:      hangedman_ru_absence, uniq_jessica, uniq_iyjb
D:3:      zin_scriptorium
D:4:      first_bread, kennysheep_generic_room_12

Action                   |  1- 3 |  4- 6 |  7- 9 || total
-------------------------+-------+-------+-------++-------
Melee: Flail             |    85 |   165 |    44 ||   294
  Use: Potion            |       |     9 |       ||     9
  Eat: Meat ration       |       |     1 |       ||     1
       Pizza             |       |     1 |       ||     1
       Beef jerky        |       |     1 |       ||     1
